 Dungeon Crawl Stone Soup version 0.32-a0-913-g739538afd8 (webtiles) character file.

Game seed: 8418294667326791156

112 Ruich the Charlatan (level 4, -3/32 HPs)
             Began as a Coglin Artificer on Apr 10, 2024.
             Was an Initiate of Makhleb.
             Killed by divine providence
             ... invoked by an orc priest
              (14 damage)
             ... on level 3 of the Dungeon.
             The game lasted 00:05:02 (2370 turns).

Ruich the Charlatan (Coglin Artificer)              Turns: 2370, Time: 00:05:04

Health: -3/32      AC:  8    Str: 12    XL:     4   Next: 93%
Magic:  7/7        EV:  5    Int: 10    God:    Makhleb [......]
Gold:   170        SH:  0    Dex: 17    Spells: 7/7 levels left

rFire   . . .        b - +2 short sword (drain) {Tomás}
rCold   . . .        j - +0 dagger (venom) {Gustavo}
rNeg    . . .        o - +0 chain mail
rPois   .            (no helmet)
rElec   .            (no cloak)
rCorr   .            (no gloves)
SInv    .            (no boots)
Will    .....        (amulet unavailable) Stlth
                     (ring unavailable)
HPRegen 0.25/turn    (ring unavailable)
MPRegen 0.10/turn    (no gizmo)

%: no passive effects
@: revved
A: off-hand wielding, slow wielding, warmup strikes, no jewellery
a: Invent Gizmo, Renounce Religion


You were on level 3 of the Dungeon.
You worshipped Makhleb.
Makhleb was noncommittal.
You visited 1 branch of the dungeon, and saw 3 of its levels.

You collected 170 gold pieces.


Innate Abilities, Weirdness & Mutations

You can wield a second weapon in your off-hand.
It takes a long time for you to wield or remove held weapons.
Your first few attacks do less damage.
You cannot equip rings or amulets.


   Skills:
 - Level 1.0 Fighting
 - Level 1.7 Armour
 - Level 0.8 Dodging
 - Level 0.7 Stealth
 + Level 2.4 Spellcasting
 + Level 5.8 Evocations


You had 7 spell levels left.
You didn't know any spells.
Your spell library contained the following spells:

 Spells                   Type           Power      Damage    Failure   Level
 Blink                    Tloc           2%         N/A       100%        2
 Lesser Beckoning         Tloc           2%         N/A       100%        2
 Momentum Strike          Conj/Tloc      2%         3d8       100%        2
 Passwall                 Erth           1%         N/A       100%        3
 Volatile Blastmotes      Fire/Tloc      2%         2d10      100%        3
 Vhi's Electric Charge    Tloc/Air       2%         N/A       100%        4
 Bombard                  Conj/Erth      0%         9d1       100%        6

Inventory:

Hand Weapons
 b - a +2 short sword of draining (weapon) {Tomás}
 j - a +0 dagger of venom (offhand) {Gustavo}
Missiles
 i - 6 javelins
Armour
 o - a +0 chain mail (worn)
Wands
 c - a wand of flame (15) (quivered)
 d - a wand of charming (15)
 e - a wand of iceblast (5)
Scrolls
 g - a scroll of fear {unknown}
 k - 2 scrolls of teleportation {unknown}
 m - a scroll of brand weapon {unknown}
 n - a scroll of identify {unknown}
Potions
 a - a potion of degeneration {unknown}
 f - a potion of attraction {unknown}
 h - a potion of brilliance {unknown}
 l - a potion of lignification {unknown}

Dungeon Overview and Level Annotations

Branches:
Dungeon (3/15) Zot: 15617

Altars:
Dithmenos
Makhleb
Okawaru
Ru
Trog
Vehumet
Xom
Zin
The Shining One

Annotations:
D:3 3 runed translucent doors, smashvw's ghost, amateur FoFi

.....#
.....#...#......###..
.....#
.......#...#.......##..
.....#
.......#####...........
.....#
......+.........##....
.....#
#....#####....####...
.....#
#.........##..##....
.....#
#.........##........
..####
#.........#.....##..
..########
#..@......#.#..###..
..........
##o##[.##.#.##.##..#
.#######.#


BBo ##.##.#+##.....# ........ ..BBo #.#.........#.. .....### #.....B
#.#.........#.. .....+ #.?.... #.#.........##. .....# #...... #.#.........###
.....# #!..... #....#......# # .....# #.#..#.....## # You could see 2 orc
priests, an orc and 5 giant cockroaches.


Message History

The orc priest invokes the aid of Beogh against you.
Beogh smites you!
You are too injured to fight recklessly!
You are too injured to fight recklessly!
You are too injured to fight recklessly!
Unknown command.
You are too injured to fight recklessly!
You are too injured to fight recklessly!
You are too injured to fight recklessly!
Unknown command.
You hit the giant cockroach but do no damage.
The giant cockroach is poisoned.
You barely miss the giant cockroach with your +2 short sword of draining.
The giant cockroach bites you but does no damage.
The orc priest casts a cantrip, but nothing happens.
Unknown command.
You barely miss the giant cockroach with your +2 short sword of draining.
The giant cockroach is heavily wounded.
You barely miss the giant cockroach with your +0 dagger of venom.
You kill the giant cockroach!
Makhleb accepts your kill.
The orc priest calls down the wrath of Beogh upon you.
Beogh smites you!
* * * LOW HITPOINT WARNING * * *
You hit the orc priest but do no damage.
The orc priest is poisoned.
You completely miss the orc priest with your +2 short sword of draining.
The orc priest mumbles some strange prayers to Beogh against you.
Beogh smites you!
You die...

Skill      XL: |  1  2  3 |
---------------+----------+-----
Spellcasting   | 1 2 |  2.4
Evocations     | 5 |  5.8
Fighting       | |  1.0
Armour         | |  1.7
Dodging        | |  0.8
Stealth        | |  0.7

Action                     |  1- 3 |  4- 6 || total
---------------------------+-------+-------++-------
  Melee: Dagger            |    58 |    33 ||    91
         Club              |    10 |       ||    10
         Short sword       |    54 |    38 ||    92
 Armour: Ring mail         |    44 |    27 ||    71
         Chain mail        |       |     5 ||     5
  Dodge: Dodged            |    39 |     9 ||    48

Levels and vault maps discovered:
D:1:      dpeg_arrival_three_same_balls, layout_basic,
          chequers_ecumenical_altar_island
D:2:      layout_loops_ring, basic_altar
D:3:      minmay_roachtagon, layout_basic, minitemple,
          nicolae_dithmenos_shadow_blocks, gammafunk_ghost_necromancy,
          kennysheep_generic_room_5, uniq_sigmund

Notes
Turn   | Place    | Note
-------+----------+-------------------------------------------
     0 | D:1      | Ruich the Coglin Artificer began the quest for the Orb.
     0 | D:1      | Reached XP level 1. HP: 15/15 MP: 1/1
   218 | D:1      | Reached XP level 2. HP: 16/20 MP: 1/3
   332 | D:1      | Found a faded altar of an unknown god.
   355 | D:1      | Reached skill level 1 in Spellcasting
   991 | D:1      | Reached XP level 3. HP: 26/26 MP: 4/4
  1202 | D:2      | Reached skill level 5 in Evocations
  1208 | D:2      | Identified the +0 chain mail "Gores" {Will- Str+4 Slay+3}
  1361 | D:2      | Reached skill level 2 in Spellcasting
  1361 | D:2      | Reached XP level 4. HP: 32/32 MP: 5/7
  1590 | D:2      | Found an iron altar of Okawaru.
  1780 | D:3      | Found a runed translucent gate.
  1781 | D:3      | Found a runed translucent gate.
  1782 | D:3      | Found a runed translucent gate.
  1799 | D:3      | Found a sacrificial altar of Ru.
  2126 | D:3      | Identified the +8 mace of World Downfall {pain, +Blink rF-
                  | rC+ rN+}
  2167 | D:3      | Found a shimmering altar of Xom.
  2173 | D:3      | Found a radiant altar of Vehumet.
  2173 | D:3      | Found a burning altar of Makhleb.
  2173 | D:3      | Found a glowing silver altar of Zin.
  2174 | D:3      | Found a bloodstained altar of Trog.
  2175 | D:3      | Found a glowing golden altar of the Shining One.
  2193 | D:3      | Became a worshipper of Makhleb the Destroyer
  2229 | D:3      | Noticed smashvw's ghost (amateur FoFi)
  2248 | D:3      | Found a shadowy altar of Dithmenos.
  2370 | D:3      | Killed from afar by an orc priest

Vanquished Creatures
  An orc wizard (D:3)
  3 adders (D:2)
  A dart slug (D:1)
  4 orcs (D:3)
  3 ball pythons
  5 bats
  3 endoplasms (D:2)
  10 giant cockroaches
  4 goblins (D:1)
  3 hobgoblins
  4 kobolds
  A quokka (D:2)
  A frilled lizard (D:1)
  8 rats
51 creatures vanquished.

Table legend: (Time is in decaauts)
 A = Elapsed time spent in this place.
 B = Non-inter-level travel time spent in this place.
 C = Inter-level travel time spent in this place.
 D = Time resting spent in this place.
 E = Time spent auto-exploring this place.
 F = Levels seen in this place.
 G = Mean time per level.
                   A        B        C        D        E       F      G
               +--------+--------+--------+--------+--------+-----+--------+
         Total |   2381 |   2324 |     57 |    112 |   1733 |   3 |  793.7 |
       Dungeon |   2381 |   2324 |     57 |    112 |   1733 |   3 |  793.7 |
               +--------+--------+--------+--------+--------+-----+--------+

Top non-repeatable levels by time:
     D:1: 1057 daAuts
     D:2: 710 daAuts
     D:3: 613 daAuts

Table legend:
 A = Non-vault XP
 B = Vault XP
 C = Vault XP percentage of total XP
 D = Non-vault monster count
 E = Vault monster count
 F = Vault count percentage of total count
                 A         B        C        D         E       F
            +---------+---------+-------+---------+---------+-------
      Total |     150 |      10 |   6.2 |      46 |       5 |   9.8
            +---------+---------+-------+---------+---------+-------
        D:1 |      34 |       0 |   0.0 |      19 |       0 |   0.0
        D:2 |      63 |       0 |   0.0 |      17 |       0 |   0.0
        D:3 |      53 |      10 |  15.9 |      10 |       5 |  33.3
            +---------+---------+-------+---------+---------+-------
